 Dungeon Sprint DCSS version 0.27-a0-1139-g28e009f8a6 (webtiles) character file.

Game seed: 623090955216486555

6 Conn the Chopper (level 1, -3/18 HPs)
             Began as a Hill Orc Warper on May 7, 2021.
             Slain by a water moccasin (8 damage)
             ... in the Dungeon (Sprint II: "The Violet Keep of Menkaure").
             The game lasted 00:05:15 (42 turns).

Conn the Chopper (Hill Orc Warper)                    Turns: 42, Time: 00:05:19

Health: -3/18      AC:  3    Str: 16    XL:     1   Next: 90%
Magic:  1/1        EV: 11    Int: 13    God:
Gold:   81         SH:  0    Dex: 10    Spells: 3/3 levels left

rFire    . . .     SeeInvis .   c - +11 morningstar "Tyoba" {antimagic, rC+ Str+3}
rCold    + . .     Faith    .   (no shield)
rNeg     . . .     Spirit   .   b - +0 leather armour
rPois    .         Reflect  .   (no helmet)
rElec    .         Harm     .   (no cloak)
rCorr    .         Rampage  .   (no gloves)
Will     .....     NoTele   +   (no boots)
Stlth    +.........             (no amulet)
HPRegen  0.06/turn              (no ring)
MPRegen  0.07/turn              (no ring)

@: lethally poisoned (-3 -> -10), on berserk cooldown, hasted and slowed
A: no striking features
a: no special abilities


You were in the Dungeon.
You visited 1 branch You collected 243 gold pieces.
You spent 162 gold pieces at shops.

Inventory:

Hand Weapons
 a - a +0 hand axe
 c - the +11 morningstar "Tyoba" (weapon) {antimagic, rC+ Str+3}
   (You bought it in a shop in the Dungeon)

   It reduces the magical energy of the wielder, and disrupts the spells and
   magical abilities of those hit.
   Natural abilities and divine invocations are not affected.
   It affects your strength (+3).
   It protects you from cold.
Missiles
 e - 5 boomerangs of dispersal (quivered)
Armour
 b - a +0 leather armour (worn)
Scrolls
 d - 2 scrolls of blinking
Potions
 f - a potion of curing
 i - 2 potions of magic


   Skills:
 + Level 2.7 Fighting
 + Level 3.2 Axes
 + Level 0.9 Throwing
 + Level 1.4 Armour
 + Level 2.0 Dodging
 + Level 1.8 Spellcasting
 + Level 3.0 Translocations


You had 3 spell levels left.
You didn't know any spells.
Your spell library contained the following spells:

 Spells                   Type           Power      Damage    Failure   Level
 Blink                    Tloc           N/A        N/A       14%         2
 Gell's Gravitas          Tloc           4%         N/A       26%         3
 Lesser Beckoning         Tloc           4%         N/A       26%         3
 Teleport Other           Tloc           9%         N/A       26%         3
 Manifold Assault         Tloc           9%         N/A       94%         5


Dungeon Overview and Level Annotations

Branches:
Dungeon (1/1)

Altars:

Shops:
D :[!(![=:[?([==(

Annotations:
D exclusion: oklob plant, Menkaure


Message History

Unknown command.
Press: ? - help, v - describe, . - travel Plog's Distillery.
Okay, then.
Press: ? - help, v - describe, . - travel Puicuhie's Armour Boutique.
The polar bear growls angrily.
Found a fizzy ruby potion and a scroll labelled ACOWAM YDOALO.
There is an entrance to Puicuhie's Armour Boutique here.
Unknown command.
Unknown command.
Okay, then.
The polar bear growls angrily.
There is an entrance to Jutil's Distillery here.
Throw: 5 boomerangs (disperse)
Press: ? - help, Q - select action Shift-Dir - straight line, f - Menkaure
Aim: Menkaure (72% to hit)
Okay, then.
You feel much better. The water moccasin bites you.
You are lethally poisoned!
The water moccasin poisons you!
Okay, then.
Throw: 5 boomerangs (disperse)
Press: ? - help, Q - select action Shift-Dir - straight line, f - water moccasin
Aim: a water moccasin (moderately wounded, 35% to hit)
Okay, then.
Unknown command.
Unknown command.
You thump the water moccasin!
The water moccasin is severely wounded.
You feel very sick.
The water moccasin bites you but does no damage.
The water moccasin bites you.
You barely miss the water moccasin.
The water moccasin is severely wounded.
* * * LOW HITPOINT WARNING * * *
You feel sick.
The water moccasin bites you but does no damage.
The water moccasin bites you!
You die...

≈## ############≈≈#++
###########≈≈≈...
##....∩.∩.#≈≈≈≈.#
##...∩.∩..#≈≈≈≈#
##..∩.∩...#≈≈≈≈#
##.⌠.∩....#≈≈###
##..@S∩...#≈##.# #+#
##...w.∩M.#≈#.####.##
##......∩.'≈'##.'.<.+
##.....∩.∩#≈#...##.##
#▓▓▓▓▓▓▓###≈##.###+#
##DYY######≈≈###
#[.Y#h ##≈≈≈ #∩P)+!
+#≈ #)$( ? ≈≈


You could see a fire dragon, an oklob plant, a polar bear, 3 yaks, a water
moccasin, Menkaure and a worm.

Vanquished Creatures
  2 worms (D)
2 creatures vanquished.

Notes
Turn   | Place    | Note
-------+----------+-------------------------------------------
     0 | D        | Conn the Hill Orc Warper began the quest for the Orb.
     0 | D        | Reached XP level 1. HP: 18/18 MP: 3/3
    27 | D        | Found Kahioblu's Antique Armour Boutique.
    27 | D        | Found Fuvekh's Book Shop.
    27 | D        | Found Jeqaop Siunt's Magic Scroll Shop.
    27 | D        | Found Juq Tad's Jewellery Shop.
    27 | D        | Found Pojix's Jewellery Boutique.
    28 | D        | Found Dioq's Antique Weapon Shop.
    28 | D        | Found Ychu's Antique Armour Boutique.
    28 | D        | Found Rogrif's Antique Weapon Shop.
    28 | D        | Found Puicuhie's Armour Boutique.
    28 | D        | Found Plog's Distillery.
    28 | D        | Found Duwuyck's Antique Weapon Boutique.
    29 | D        | Found Jutil's Distillery.
    29 | D        | Found Zudud's Antique Armour Boutique.
    29 | D        | Noticed a yak
    30 | D        | Found Urghoxyc's Jewellery Boutique.
    30 | D        | Noticed a yak
    31 | D        | Noticed Menkaure
    31 | D        | Noticed a yak
    31 | D        | Noticed an oklob plant
    31 | D        | Noticed a water moccasin
    32 | D        | Found Hulucwap's Book Shoppe.
    35 | D        | Noticed a fire dragon
    36 | D        | Bought a twisted morningstar for 162 gold pieces
    36 | D        | Identified the +11 morningstar "Tyoba" {antimagic, rC+
                  | Str+3} (You bought it in a shop in the Dungeon)
    38 | D        | Noticed a polar bear
    38 | D        | Noticed a polar bear
    42 | D        | Slain by a water moccasin

Illustrated notes

Levels and vault maps discovered:
D:        the_violet_keep_of_menkaure [sprint2_stairs_cluster_1,
          sprint2_shoproom, sprint2_temple, sprint2_basic_supplies,
          sprint2_obstacle_4, sprint2_obstacle_7, sprint2_obstacle_6,
          sprint2_obstacle_2, sprint2_obstacle_1, sprint2_timed_cluster_1,
          sprint2_smallroom_cluster_1, sprint2_smallroom_final_cluster_1,
          sprint2_transparent_cluster_1, sprint2_second_timed_cluster_1,
          sprint2_sniper_area_1, sprint2_heavy_combat_area_1,
          sprint2_mutation_trap_area_1, sprint2_forest_area_1,
          sprint2_light_combat_area_1, sprint2_behind_water_1,
          sprint2_near_end_vault_1]

Skill      XL: |  1 |
---------------+----+-----
Axes           | 3 |  3.2
Dodging        | 2 |  2.0
Translocations | 3 |  3.0
Fighting       | |  2.7
Throwing       | |  0.9
Armour         | |  1.4
Spellcasting   | |  1.8

Action                   || total
-------------------------++-------
Melee: Hand axe          ||    13
       Morningstar       ||     2
  Use: Potion            ||     3
Armor: Leather armour    ||     3
Dodge: Dodged            ||     5

Table legend: (Time is in decaauts)
 A = Elapsed time spent in this place.
 B = Non-inter-level travel time spent in this place.
 C = Inter-level travel time spent in this place.
 D = Time resting spent in this place.
 E = Time spent auto-exploring this place.
 F = Levels seen in this place.
 G = Mean time per level.
                   A        B        C        D        E       F      G
               +--------+--------+--------+--------+--------+-----+--------+
         Total |     47 |     47 |      0 |      0 |      0 |   1 |   47.0 |
       Dungeon |     47 |     47 |      0 |      0 |      0 |   1 |   47.0 |
               +--------+--------+--------+--------+--------+-----+--------+

Top non-repeatable levels by time:
       D: 47 daAuts
